 Dungeon Crawl Stone Soup version 0.23.2-1-ga50397a6bc (webtiles) character file.

Game seed: 1759444215226490124

240 Mrkan the Cudgeler (level 5, 0/48 HPs)
             Began as a Minotaur Fighter on May 18, 2019.
             Succumbed to a worker ant's poison
             ... on level 4 of the Dungeon.
             The game lasted 00:04:01 (2597 turns).

Mrkan the Cudgeler (Minotaur Fighter)               Turns: 2597, Time: 00:04:01

Health: 0/48       AC:  6    Str: 21    XL:     5   Next: 80%
Magic:  4/4        EV:  7    Int:  5    God:
Gold:   226        SH:  9    Dex: 10    Spells: 4/4 levels left

rFire    . . .     SeeInvis .   a - +0 flail
rCold    . . .     Gourm    .   c - +0 shield
rNeg     . . .     Faith    .   b - +0 scale mail
rPois    .         Spirit   .   (helmet restricted)
rElec    .         Reflect  .   (no cloak)
rCorr    .         Harm     .   (no gloves)
MR       .....                  (no boots)
Stlth    ..........             (no amulet)
HPRegen  0.16/turn              (no ring)
MPRegen  0.09/turn              (no ring)

@: lethally poisoned (0 -> -10), hasted, very quick
A: retaliatory headbutt, horns 2
a: no special abilities


You were on level 4 of the Dungeon.
You were hungry.

You visited 1 branch of the dungeon, and saw 4 of its levels.

You collected 226 gold pieces.

Inventory:

Hand Weapons
 a - a +0 flail (weapon)
Armour
 b - a +0 scale mail (worn)
 c - a +0 shield (worn)
Jewellery
 g - an uncursed ring of flight {unknown}
 k - a cursed amulet of inaccuracy {unknown}
 o - an uncursed ring of protection from magic {unknown}
Wands
 p - a wand of iceblast (7)
Scrolls
 e - a scroll of amnesia {unknown}
 h - a scroll of teleportation {unknown}
 i - 2 scrolls of identify {unknown}
 j - a scroll of remove curse {unknown}
 l - a scroll of magic mapping {unknown}
 n - 2 scrolls of fear {unknown}
Potions
 d - a potion of might
Comestibles
 f - 3 rations


   Skills:
 + Level 5.4 Fighting
 * Level 6.2 Maces & Flails
 - Level 3.6 Armour
 - Level 3.6 Shields


You had 4 spell levels left.
You didn't know any spells.
Your spell library was empty.

Dungeon Overview and Level Annotations

Branches:
Dungeon (4/15)
 Temple: D:4-7

Altars:
Hepliaklqana


Innate Abilities, Weirdness & Mutations

You reflexively headbutt those who attack you in melee.
You have a pair of horns on your head.


Message History

* * * LOW HITPOINT WARNING * * *
You feel sick. You block the worker ant's attack.
You hit the worker ant.
The worker ant is heavily wounded.
* * * LOW HITPOINT WARNING * * *
You feel sick. The worker ant bites you.
* * * LOW HITPOINT WARNING * * *
The worker ant bites you but does no damage.
You closely miss the worker ant.
The worker ant is heavily wounded.
* * * LOW HITPOINT WARNING * * *
You feel sick.
The worker ant bites you but does no damage.
You completely miss the worker ant.
The worker ant is heavily wounded.
* * * LOW HITPOINT WARNING * * *
You feel sick. The worker ant bites you.
* * * LOW HITPOINT WARNING * * *
It was a potion of haste.
You feel yourself speed up.
You die...

...... ..##
#.........
###..#.#...#..#
..........#..#
..........#..####
#..............
......#.....#
.#####......@..##.#
$...........a.......
###<.......##.#.
##......##
#..........
#.†.....##.
#.........
#....#..###
##...#...#


You could see a worker ant.

Vanquished Creatures
  Natasha (twice) (D:3)
  A worker ant (D:4)
  3 gnolls (D:3)
  6 adders
  2 dart slugs (D:1)
  3 leopard geckos
  2 ball pythons
  8 bats
  3 giant cockroaches
  7 goblins
  6 hobgoblins (D:1)
  11 jackals (D:1)
  3 frilled lizards
  15 kobolds
  11 rats
83 creatures vanquished.

Notes
Turn   | Place    | Note
-------+----------+-------------------------------------------
     0 | D:1      | Mrkan the Minotaur Fighter began the quest for the Orb.
     0 | D:1      | Reached XP level 1. HP: 19/19 MP: 0/0
    47 | D:1      | Reached skill level 3 in Maces & Flails
    53 | D:1      | Reached XP level 2. HP: 20/27 MP: 1/1
   505 | D:1      | Reached XP level 3. HP: 31/33 MP: 2/2
   573 | D:1      | Reached skill level 4 in Maces & Flails
  1106 | D:2      | Reached XP level 4. HP: 37/41 MP: 3/3
  1468 | D:2      | Found a hazy altar of Hepliaklqana.
  1626 | D:2      | Reached skill level 5 in Maces & Flails
  2046 | D:3      | Reached XP level 5. HP: 31/47 MP: 4/4
  2051 | D:3      | Reached skill level 5 in Fighting
  2096 | D:3      | Noticed Natasha
  2103 | D:3      | Killed Natasha
  2359 | D:3      | Noticed Natasha
  2375 | D:3      | Killed Natasha
  2375 | D:3      | Reached skill level 6 in Maces & Flails
  2596 | D:4      | HP: 1/48 [worker ant (2)]
  2597 | D:4      | Succumbed to a worker ant's poison

Skill      XL: |  1  2  3  4  5 |
---------------+----------------+-----
Maces & Flails | 3 4 5 6 |  6.2
Fighting       | 4 5 |  5.4
Armour         | |  3.6
Shields        | |  3.6

Action                   |  1- 3 |  4- 6 || total
-------------------------+-------+-------++-------
Melee: Flail             |   121 |    94 ||   215
       Headbutt          |    20 |    12 ||    32
  Use: Potion            |       |     1 ||     1
  Eat: Chunk             |       |     5 ||     5
Armor: Scale mail        |    61 |    58 ||   119
Dodge: Dodged            |    57 |    46 ||   103
Block: Shield            |    56 |    66 ||   122
